Map: King Sejong Station LE

Players

Botvinnik

  • Race: Terran Terran

Kelazhur - Winner!

  • Race: Terran Terran
  • League: Master

Event: Polygon Gaming Invitational 3

VOD

Have the link to the VOD?

Description

Time

  • Played on: June 4, 2016, 1:55 p.m.
  • Length: 15:39

All games in this series

Show
View Real Time Build Order
Export as new Build Order

Botvinnik Terran 

Build Orders: 1/1/1 

Get SALT Encoding   

  12  0:01  SCV  
  13  0:13  SCV  
  14  0:17  Supply Depot  
  14  0:25  SCV  
  15  0:29  Refinery  
  15  0:38  SCV  
  16  0:45  Barracks  
  16  0:51  SCV  
  17  1:03  SCV  
  18  1:15  SCV  
  19  1:31  Orbital Command  
  19  1:33  Marine  
  19  1:34  Factory  
  20  1:47  Refinery  
  20  1:51  Supply Depot, Marine  
  21  1:59  SCV  
  22  2:10  Marine  
  22  2:13  SCV  
  24  2:19  Starport  
  24  2:22  Widow Mine  
  24  2:25  SCV  
  24  2:26  Supply Depot  
  24  2:29  Barracks Reactor  
  27  2:38  SCV  
  28  2:52  Factory Tech Lab  
  28  2:56  Viking  
  28  2:57  SCV  
  31  3:05  Supply Depot, Marine x2  
  32  3:08  Engineering Bay  
  32  3:09  SCV  
  34  3:15  Cyclone  
  38  3:22  SCV  
  38  3:26  Marine x2  
  41  3:44  Marine  
  41  3:47  Command Center  
  42  3:56  Factory Tech Lab  
  40  4:03  Marine, Raven  
  40  4:05  SCV  
  45  4:13  Supply Depot  
  45  4:20  Siege Tank  
  47  4:35  SCV  
  48  4:47  SCV  
  48  4:52  Siege Tank  
  51  4:58  Viking x2  
  55  5:06  Supply Depot  
  55  5:13  SCV  
  56  5:16  Orbital Command  
  56  5:22  Marine  
  56  5:24  Siege Tank  
  57  5:31  Supply Depot  
  57  5:33  Viking  
  56  5:38  Orbital Command  
  56  5:39  SCV  
  57  5:46  Marine  
  56  5:51  SCV  
  57  5:59  Siege Tank  
  60  6:04  SCV x2  
  60  6:05  Command Center  
  62  6:14  Refinery  
  62  6:15  Refinery  
  62  6:16  Viking, SCV  
  62  6:17  SCV  
  66  6:24  Viking  
  68  6:29  SCV x2  
  70  6:41  SCV x2  
  70  6:45  Barracks  
  70  6:46  Barracks  
  72  6:47  Terran Infantry Weapons Level 1  
  72  6:53  SCV x2  
  72  6:57  Viking x2  
  76  7:02  Marine  
  76  7:05  SCV  
  78  7:09  Stimpack  
  78  7:10  Supply Depot  
  78  7:12  Supply Depot  
  78  7:17  SCV  
  78  7:21  SCV, Orbital Command  
  80  7:27  Barracks  
  80  7:29  SCV  
  79  7:33  SCV  
  76  7:41  SCV  
  75  7:44  Barracks Reactor x2  
  75  7:45  SCV  
  75  7:46  Medivac, Siege Tank  
  75  7:47  Barracks  
  75  7:48  Orbital Command  
  81  7:53  SCV  
  81  7:57  SCV  
  81  7:58  Marine  
  84  8:10  SCV  
  85  8:14  SCV x2  
  85  8:16  Barracks Reactor  
  87  8:20  Supply Depot  
  87  8:22  SCV  
  88  8:28  Marine x5  
  88  8:29  Siege Tank  
  88  8:32  SCV x2  
  100  8:34  SCV  
  99  8:42  Barracks Reactor  
  99  8:44  SCV x2  
  99  8:45  Marine  
  99  8:46  Marine x4, SCV  
  103  8:49  Medivac x2  
  103  8:52  Terran Infantry Armor Level 1  
  103  8:53  Marine x2  
  103  8:54  Factory  
  109  8:56  Refinery  
  109  8:57  Refinery, SCV  
  109  8:59  Engineering Bay, Armory  
  110  9:03  Marine x2  
  110  9:09  Marine x3, Combat Shields  
  115  9:11  Marine  
  115  9:13  Supply Depot  
  115  9:14  Supply Depot  
  115  9:17  Marine  
  115  9:18  SCV  
  115  9:22  Marine, SCV  
  115  9:23  SCV  
  117  9:31  Medivac  
  112  9:36  Marine x4  
  112  9:37  Marine x4  
  112  9:38  Siege Tank  
  106  9:39  Marine  
  106  9:40  Factory Tech Lab  
  103  9:54  Marine  
  103  9:55  Marine x2  
  103  9:56  Marine x2  
  103  9:57  SCV x2  
  103  9:58  SCV  
  107  10:00  Marine x2  
  107  10:01  Marine  
  107  10:02  Siege Tank  
  112  10:09  SCV x2  
  112  10:10  Siege Tank, SCV  
  118  10:18  Marine x3  
  118  10:19  Marine x2, Medivac  
  125  10:28  Supply Depot  
  125  10:29  Supply Depot  
  125  10:31  Terran Infantry Weapons Level 2  
  125  10:37  Siege Tank  
  128  10:50  Siege Tank  
  128  10:52  Command Center  
  128  10:54  Medivac x2  
  135  11:04  Terran Infantry Armor Level 2  
  135  11:06  Terran Vehicle Weapons Level 1  
  135  11:11  Supply Depot  
  135  11:12  SCV x2  
  135  11:13  Supply Depot  
  135  11:17  Siege Tank  
  140  11:21  Marine x4  
  140  11:22  Marine, Siege Tank  
  140  11:24  Marine x2  
  149  11:32  Marine x2  
  149  11:38  Marine  
  149  11:39  Marine  
  146  11:40  Marine x2  
  146  11:45  Marine x2  
  140  11:51  Marine x2  
  140  11:52  Marine  
  140  11:56  Marine x2  
  140  11:58  Marine x2, Siege Tank x2  
  150  12:03  Marine x2, SCV x2  
  150  12:05  Medivac  
  156  12:17  Missile Turret  
  156  12:18  Marine  
  156  12:19  Marine x2, Missile Turret  
  156  12:20  Missile Turret  
  156  12:22  Marine x3  
  162  12:31  Marine x2  
  162  12:32  Marine  
  162  12:33  Siege Tank  
  162  12:36  Marine  
  164  12:47  Marine x5  
  163  12:54  Marine x4  
  149  13:05  Marine x5  
  150  13:09  Medivac  
  150  13:12  Marine x3  
  158  13:21  Marine  
  158  13:23  Marine  
  158  13:24  Siege Tank  
  147  13:37  Marine x2  
  147  13:38  Marine x6  
  154  13:42  Medivac  
  154  13:46  Sensor Tower  
  156  13:51  Marine  
  156  13:55  Marine  
  138  14:11  Marine x5  
  138  14:13  Marine x4  
  122  14:28  Marine x2  
  122  14:29  Marine x3  
  122  14:31  Marine x4  
  131  14:46  Marine x3  
  131  14:47  Marine x2  
  131  14:49  Marine x2  
  133  15:02  Marine x2  
  133  15:04  Marine x5  
Show
View Real Time Build Order
Export as new Build Order

Kelazhur Terran - Winner!

Build Orders: 1/1/1, Bio Tank, Widow Mine Drop 

Get SALT Encoding   

  12  0:01  SCV  
  13  0:13  SCV  
  14  0:17  Supply Depot  
  14  0:25  SCV  
  14  0:27  Refinery  
  15  0:38  SCV  
  16  0:45  Barracks  
  16  0:50  SCV  
  17  1:03  SCV  
  18  1:15  SCV  
  19  1:31  Orbital Command  
  19  1:32  Factory, Marine  
  19  1:36  Supply Depot  
  20  1:41  Refinery  
  20  1:50  Marine  
  21  1:57  SCV  
  22  2:08  Marine  
  22  2:09  SCV  
  24  2:16  Hellion  
  24  2:17  Starport  
  24  2:21  SCV  
  27  2:28  Supply Depot  
  27  2:33  SCV  
  27  2:36  Marine  
  29  2:40  Widow Mine  
  31  2:49  SCV  
  32  2:51  Supply Depot  
  32  2:54  Marine, Medivac  
  35  3:01  SCV  
  36  3:10  Hellion  
  36  3:12  Marine  
  39  3:19  SCV  
  40  3:22  Supply Depot  
  40  3:24  Viking  
  44  3:40  Factory Tech Lab  
  42  3:44  Supply Depot, SCV  
  41  4:06  SCV  
  42  4:10  Medivac, Siege Tank  
  42  4:14  Command Center  
  47  4:18  SCV  
  47  4:22  Barracks Tech Lab  
  48  4:33  SCV  
  49  4:40  Marine  
  49  4:41  Stimpack  
  50  4:48  SCV  
  49  4:53  Siege Tank  
  49  4:54  Starport Reactor  
  49  4:59  Marine  
  53  5:00  SCV  
  53  5:04  Command Center  
  54  5:29  Marine  
  54  5:32  Barracks  
  54  5:33  Barracks  
  55  5:41  Viking x2  
  57  5:44  SCV  
  57  5:45  Orbital Command  
  57  5:49  Marine  
  59  5:56  SCV  
  60  5:59  Siege Tank  
  63  6:09  SCV  
  64  6:14  Viking  
  64  6:16  Viking  
  68  6:19  SCV  
  68  6:23  Orbital Command  
  69  6:26  SCV  
  69  6:31  Siege Tank  
  73  6:34  Barracks Reactor x2  
  73  6:38  Refinery  
  73  6:39  Refinery  
  73  6:44  Marine  
  73  6:46  SCV  
  73  6:49  SCV  
  74  6:56  SCV  
  75  7:02  Marine  
  75  7:08  Medivac x2  
  78  7:09  SCV  
  78  7:10  Refinery  
  78  7:14  Marine x3  
  78  7:15  SCV x2  
  86  7:20  Supply Depot  
  86  7:22  SCV  
  86  7:31  Marine  
  86  7:33  SCV x2  
  86  7:34  SCV  
  86  7:42  Medivac x2, Combat Shields  
  86  7:43  Marine x3  
  82  7:44  Engineering Bay, Orbital Command  
  82  7:45  SCV  
  82  7:46  Engineering Bay  
  82  7:50  Supply Depot  
  82  7:51  Marine  
  84  7:52  Supply Depot  
  84  8:02  Marine  
  84  8:04  Marine  
  83  8:05  Siege Tank  
  83  8:07  Marine  
  83  8:08  Marine, SCV x2  
  83  8:11  Terran Infantry Weapons Level 1  
  90  8:13  Terran Infantry Armor Level 1  
  90  8:19  SCV  
  90  8:20  SCV  
  90  8:22  SCV  
  90  8:23  Marine x2  
  90  8:25  Marine  
  95  8:27  Marine  
  95  8:31  Bunker  
  95  8:32  SCV  
  95  8:33  Marine  
  97  8:36  SCV x2  
  99  8:46  SCV  
  99  8:47  Bunker  
  100  8:49  Siege Tank  
  100  8:50  Marine x4  
  100  8:51  Marine  
  108  8:56  Armory  
  108  8:57  SCV x2  
  108  8:58  SCV  
  111  9:07  Marine  
  111  9:08  Medivac x2  
  111  9:09  Barracks, SCV  
  117  9:10  Barracks  
  117  9:15  Factory  
  117  9:17  Supply Depot  
  117  9:18  Supply Depot  
  117  9:20  Supply Depot  
  117  9:21  Refinery  
  117  9:24  SCV  
  117  9:30  SCV  
  113  9:33  Marine x3  
  113  9:37  Marine  
  113  9:38  Marine  
  100  9:55  Marine  
  100  9:56  Marine x4  
  100  10:03  Siege Tank  
  103  10:13  Marine x2  
  102  10:15  Barracks Reactor x2  
  102  10:16  Factory Tech Lab  
  102  10:20  Terran Infantry Armor Level 2, Terran Infantry Weapons Level 2  
  102  10:21  Barracks  
  102  10:22  Terran Vehicle Weapons Level 1  
  102  10:23  Barracks x2  
  102  10:26  Supply Depot  
  102  10:27  Supply Depot  
  102  10:30  Supply Depot  
  102  10:31  Marine x2  
  102  10:32  Marine x3  
  107  10:36  Siege Tank  
  110  10:44  SCV x3  
  110  10:47  Siege Tank  
  110  10:49  Marine x2  
  118  10:52  Supply Depot, Marine x3  
  118  10:53  Supply Depot, Marine x3  
  124  11:00  Marine  
  124  11:01  Medivac x2  
  129  11:07  Marine x2  
  131  11:12  Marine x4  
  131  11:14  Barracks Reactor x2, Missile Turret  
  131  11:15  Missile Turret  
  135  11:21  Barracks Reactor  
  134  11:31  Marine  
  134  11:32  Marine x6  
  140  11:33  Marine  
  140  11:44  Siege Tank x2  
  140  11:46  Medivac x2  
  150  11:49  Marine x2  
  150  11:50  Marine x2  
  150  11:52  Marine x4  
  150  11:53  Marine x2  
  151  12:06  Marine  
  151  12:07  Marine x5  
  157  12:10  Supply Depot  
  157  12:13  Marine  
  157  12:15  Marine x7  
  165  12:24  Command Center  
  165  12:25  Marine  
  165  12:27  Marine x3  
  165  12:28  Marine x3  
  165  12:29  Siege Tank x2  
  157  12:53  Marine x5  
  157  12:54  Marine x4  
  161  12:59  Marine  
  161  13:00  Marine x4  
  161  13:01  Siege Tank x2  
  161  13:03  Medivac x2  
  176  13:12  Marine  
  176  13:13  Marine x4  
  176  13:14  Marine x2  
  183  13:22  Marine  
  183  13:27  Marine x3  
  184  13:28  Marine  
  188  13:36  Marine x2  
  188  13:37  Marine x3  
  188  13:38  Planetary Fortress  
  188  13:41  Siege Tank  
  188  13:44  Marine  
  188  13:46  Marine  
  193  13:50  Marine  
  193  13:54  Marine x5  
  187  14:16  Marine  
  148  14:17  Marine x12  
  148  14:18  Siege Tank  
  148  14:19  Marine, Siege Tank  
  167  14:28  Marine  
  168  14:34  Marine  
  169  14:38  Marine  
  169  14:39  Marine x4  
  169  14:45  Marine, Command Center  
  175  14:47  Marine x5  
  180  14:59  Marine  
  178  15:06  Marine  
  179  15:07  Marine x12  
Tags
 
Add a new tag
Caveats
  • Supply blocks, unpowered buildings, or Contaminate may cause inaccurate times.
  • Supply counts are checked every 10 seconds.